 Dungeon Crawl Stone Soup version 0.26.1-2-gb8aa6d0cf2 (webtiles) character file.

Game seed: 17150746177157662646

20608 McKennaii the Eclecticist (level 12, -6/62 HPs)
             Began as a Deep Elf Conjurer on Feb 12, 2021.
             Was a Priest of Vehumet.
             Killed from afar by a fire dragon (38 damage)
             ... with a blast of flame
             ... on level 12 of the Dungeon.
             The game lasted 00:37:50 (20332 turns).

McKennaii the Eclecticist (Deep Elf Conjurer)      Turns: 20332, Time: 00:37:52

Health: -6/62      AC: 12    Str:  4    XL:     12   Next: 46%
Magic:  40/44      EV: 15    Int: 33    God:    Vehumet [***...]
Gold:   665        SH:  0    Dex: 13    Spells: 28/46 levels left

rFire    . . .     SeeInvis .   H - staff of air
rCold    + . .     Faith    .   (no shield)
rNeg     + . .     Spirit   .   R - +1 robe {rN+}
rPois    +         Reflect  .   A - +1 helmet
rElec    +         Harm     .   C - +2 cloak
rCorr    +         Rampage  .   w - +2 pair of gloves
Will     +....                  g - +0 pair of boots
Stlth    +++.......             f - amulet of the acrobat
HPRegen  0.20/turn              O - ring "Ixiu" {rElec rPois rC+ rCorr Int+4}
MPRegen  0.29/turn              a - ring of magical power

@: no status effects
A: no striking features
a: Renounce Religion


You were on level 12 of the Dungeon.
You worshipped Vehumet.
Vehumet was most pleased with you.
You visited 2 branches of the dungeon, and saw 13 of its levels.

You collected 1301 gold pieces.
You spent 636 gold pieces at shops.

Inventory:

Armour
 g - a +0 pair of boots (worn)
 w - a +2 pair of gloves (worn)
 A - a +1 helmet (worn)
 C - a +2 cloak (worn)
 R - a +1 robe of positive energy (worn)
Magical Staves
 H - an uncursed staff of air (weapon)
Jewellery
 a - a ring of magical power (right hand)
 f - an amulet of the acrobat (around neck)
 q - an uncursed ring of willpower
 z - an uncursed ring of positive energy
 I - an uncursed ring of see invisible
 O - the ring "Ixiu" (left hand) {rElec rPois rC+ rCorr Int+4}
   (You bought it in a shop on level 10 of the Dungeon)

   [ring of resist corrosion]

   It affects your intelligence (+4).
   It protects you from cold.
   It insulates you from electricity.
   It protects you from poison.
   It provides partial protection from all sources of acid and corrosion.
Wands
 l - a wand of polymorph (16)
 o - a wand of iceblast (8)
 x - a wand of acid (8)
Scrolls
 c - 4 scrolls of blinking
 e - 3 scrolls of identify
 j - 9 scrolls of remove curse
 k - 3 scrolls of amnesia
 n - 5 scrolls of immolation
 y - 4 scrolls of enchant weapon
 B - 2 scrolls of fog {unknown}
 D - 2 scrolls of enchant armour {unknown}
 E - a scroll of noise {unknown}
 F - a scroll of brand weapon {unknown}
 G - a scroll of random uselessness {unknown}
 J - 2 scrolls of fear
 K - a scroll of torment {unknown}
 N - 2 scrolls of teleportation {unknown}
 Q - a scroll of holy word {unknown}
Potions
 b - 3 potions of lignification
 d - 2 potions of brilliance {unknown}
 h - 6 potions of curing
 i - a potion of degeneration {unknown}
 m - 2 potions of haste {unknown}
 p - 3 potions of heal wounds
 r - 5 potions of flight
 s - a potion of magic {unknown}
 t - 3 potions of mutation {unknown}
 u - a potion of attraction {unknown}
 v - a potion of might {unknown}
 L - 8 potions of ambrosia {unknown}
 M - 2 potions of resistance {unknown}
 P - a potion of berserk rage {unknown}


   Skills:
 + Level 2.2 Fighting
 + Level 5.9 Dodging
 + Level 4.4 Stealth
 * Level 17.5 Spellcasting
 * Level 14.0 Conjurations
 + Level 1.4 Hexes
 + Level 3.6 Translocations
 + Level 2.3 Fire Magic
 + Level 3.0 Air Magic
 + Level 0.9 Evocations


You had 28 spell levels left.
You knew the following spells:

 Your Spells              Type           Power        Failure   Level
a - Magic Dart            Conj           100%         0%          1
b - Fulminant Prism       Conj/Hex       34%          1%          4
c - Fireball              Conj/Fire      35%          1%          5
d - Iskenderun's Mystic   Conj/Tloc      72%          1%          4
e - Shock                 Conj/Air       100%         1%          1
f - Frozen Ramparts       Ice            56%          1%          3

Your spell library contained the following spells:

 Spells                   Type           Power        Failure   Level
 Searing Ray              Conj           100%         0%          2
 Animate Skeleton         Necr           56%          1%          1
 Corona                   Hex            42%          1%          1
 Foxfire                  Conj/Fire      100%         1%          1
 Pain                     Necr           100%         1%          1
 Slow                     Hex            38%          1%          2
 Conjure Flame            Conj/Fire      70%          1%          3
 Dazzling Flash           Conj/Hex       100%         1%          3
 Inner Flame              Hex/Fire       41%          1%          3
 Portal Projectile        Hex/Tloc       90%          1%          3
 Sticky Flame             Conj/Fire      70%          1%          4
 Vampiric Draining        Necr           14%          4%          3
 Cause Fear               Hex            19%          7%          4
 Leda's Liquefaction      Hex/Erth       16%          10%         4
 Animate Dead             Necr           14%          13%         4
 Agony                    Necr           28%          36%         5


Dungeon Overview and Level Annotations

Branches:
Dungeon (12/15)            Temple (1/1) D:7            Lair (0/6) D:10
    Orc (0/2) D:12

Altars:
Ashenzari
Cheibriados
Dithmenos
Elyvilon
Fedhas
Gozag
Hepliaklqana
Kikubaaqudgha
Makhleb
Nemelex Xobeh
Okawaru
Qazlal
Ru
Sif Muna
Trog
Uskayaw
Vehumet
Wu Jian
Xom
Yredelemnul
Zin
The Shining One

Shops:
D:5 [   D:6 !   D:10 *

Annotations:
D:10 2 transporters, crossborder's ghost, novice DrTm
D:11 2 runed translucent doors, brucemayne's ghost, novice HOMo
D:12 2 transporters, Xeikkuus's ghost, journeyman MiFi


Message History

Aim: a fire dragon (severely wounded, catching its breath)
The mass of ice explodes!
The iceblast engulfs the fire dragon!
The fire dragon is frozen!
The fire dragon is severely wounded.
Unknown command.
Aiming: Iceblast
Press: ? - help, Shift-Dir - straight line, f/p - fire dragon
Aim: a fire dragon (severely wounded, catching its breath)
The mass of ice explodes!
The iceblast engulfs the fire dragon.
The fire dragon is frozen!
The fire dragon is severely wounded.
Unknown command.
Casting: Shock (safe; 1% risk of failure)
Confirm with . or Enter, or press ? or * to list all spells.
You erupt in a blast of force!
The mystic blast hits the fire dragon!
The fire dragon is almost dead.
The fire dragon breathes flames at you. The blast of flame hits you!!!
Ouch! That really hurt!
You die...

### #######.###
#..... #.##########
#....# ####.# #####
##.# ≈≈...#### #..#
;.......## ######.##
≈........#####......#
≈≈........D@†..######
≈≈.........#####
≈≈≈......###
.≈≈≈....## ≈≈≈≈..###
≈≈≈### ##


You could see a fire dragon (catching breath).

Vanquished Creatures
  Erolcha (D:11)
  A boulder beetle (D:11)
  4 two-headed ogres
  Sonja (D:12)
  Nergalle (D:11)
  3 unseen horrors
  A deep elf mage (D:12)
  3 ugly things
  Maurice (D:12)
  A gargoyle (D:10)
  4 trolls
  A queen bee (D:11)
  A meliai zombie (D:12)
  A wraith (D:9)
  2 shadows (D:11)
  A vampire (D:12)
  3 wyverns
  9 yaks
  2 wargs (D:10)
  A sky beast (D:10)
  4 black bears
  5 ice beasts
  6 orc warriors
  A phantom (D:6)
  9 ogres
  11 centaurs
  12 bullfrogs
  A wyvern zombie (D:10)
  2 scorpions
  12 wights
  32 killer bees
  4 howler monkeys
  A bullfrog zombie (D:6)
  4 centaur zombies
  An iron imp (D:4)
  2 hounds
  3 jellies
  9 orc priests
  3 centaur skeletons
  4 bullfrog skeletons
  2 iguanas
  14 orc wizards
  Terence (D:2)
  7 worker ants
  A hound skeleton (D:8)
  Robin (D:2)
  A gnoll (D:5)
  14 adders
  2 shadow imps
  5 white imps
  An ooze (D:2)
  3 worms (D:2)
  An adder skeleton (D:4)
  7 leopard geckos
  49 orcs
  5 bats
  6 giant cockroaches
  13 goblins
  8 hobgoblins
  13 jackals
  5 quokkas
  3 ball pythons
  A ball python zombie (D:5)
  6 frilled lizards
  6 kobolds
  A leopard gecko skeleton (D:8)
  A quokka skeleton (D:9)
  25 rats
370 creatures vanquished.

Vanquished Creatures (others)
  15 fulminant prisms
  7 plants (D:10)
22 creatures vanquished.

Grand Total: 392 creatures vanquished

Notes
Turn   | Place    | Note
-------+----------+-------------------------------------------
     0 | D:1      | McKennaii the Deep Elf Conjurer began the quest for the
                  | Orb.
     0 | D:1      | Reached XP level 1. HP: 10/10 MP: 6/6
   408 | D:1      | Reached XP level 2. HP: 15/15 MP: 6/8
   938 | D:1      | Reached skill level 5 in Conjurations
  1331 | D:2      | Reached XP level 3. HP: 19/19 MP: 7/9
  1408 | D:2      | Noticed Terence
  2377 | D:2      | Reached XP level 4. HP: 19/24 MP: 5/11
  2560 | D:2      | Killed Terence
  2773 | D:2      | Noticed Robin
  2775 | D:2      | Reached skill level 4 in Spellcasting
  2966 | D:2      | Killed Robin
  3134 | D:2      | Reached XP level 5. HP: 28/28 MP: 10/13
  4444 | D:4      | Reached skill level 5 in Spellcasting
  4815 | D:4      | Reached XP level 6. HP: 32/32 MP: 10/16
  5210 | D:4      | HP: 1/32 [ogre/+0 giant spiked club (17)]
  5212 | D:4      | Reached skill level 6 in Spellcasting
  5810 | D:4      | Found a snail-covered altar of Cheibriados.
  5829 | D:4      | Reached XP level 7. HP: 31/36 MP: 6/19
  6005 | D:4      | Learned a level 4 spell: Fulminant Prism
  6011 | D:4      | Learned a level 5 spell: Fireball
  6016 | D:4      | Learned a level 4 spell: Iskenderun's Mystic Blast
  6184 | D:5      | Entered Level 5 of the Dungeon
  6191 | D:4      | Reached skill level 7 in Spellcasting
  6338 | D:5      | Found Nosoy's Antique Armour Shoppe.
  7244 | D:5      | Reached skill level 8 in Spellcasting
  7406 | D:5      | Bought a runed cloak for 172 gold pieces
  7419 | D:5      | Bought a pair of embroidered gloves for 172 gold pieces
  7712 | D:6      | Reached XP level 8. HP: 41/41 MP: 18/22
  8211 | D:6      | Found Puajaem's Distillery.
  8503 | D:6      | Found a broken altar of Ashenzari.
  8503 | D:6      | Found a white marble altar of Elyvilon.
  8509 | D:6      | Reached skill level 9 in Spellcasting
  8616 | D:6      | Found a shimmering blue altar of Sif Muna.
  8618 | D:6      | Found a faded altar of an unknown god.
  8620 | D:6      | Found a shadowy altar of Dithmenos.
  9115 | D:7      | Found a sparkling altar of Nemelex Xobeh.
  9327 | D:7      | Found a staircase to the Ecumenical Temple.
  9558 | D:8      | Noticed a two-headed ogre
  9657 | D:8      | Reached skill level 10 in Spellcasting
 10133 | D:8      | Noticed a two-headed ogre
 10318 | D:8      | Reached XP level 9. HP: 25/46 MP: 15/25
 10487 | D:8      | Reached skill level 10 in Conjurations
 10730 | D:8      | Reached skill level 11 in Spellcasting
 11244 | D:8      | Noticed a troll
 11251 | D:8      | Killed a troll
 11657 | D:8      | Killed a two-headed ogre
 11658 | D:8      | Reached skill level 12 in Spellcasting
 12586 | D:9      | Reached skill level 1 in Translocations
 12594 | D:9      | Reached skill level 1 in Fighting
 12594 | D:9      | Reached XP level 10. HP: 36/52 MP: 6/28
 12615 | D:9      | Reached skill level 13 in Spellcasting
 12934 | D:10     | Entered Level 10 of the Dungeon
 12934 | D:10     | Found Tomi Hes's Assorted Antiques.
 13145 | D:10     | Noticed a green ugly thing
 13169 | D:10     | Noticed a two-headed ogre
 13442 | D:10     | Killed a two-headed ogre
 13500 | D:10     | Killed a green ugly thing
 13501 | D:10     | Reached skill level 1 in Hexes
 13641 | D:10     | Reached skill level 14 in Spellcasting
 13896 | D:10     | Bought a shimmering turquoise ring for 185 gold pieces
 13896 | D:10     | Bought a puce potion for 33 gold pieces
 13896 | D:10     | Bought a scroll labelled MIGGISHR JERUA for 37 gold pieces
 13896 | D:10     | Bought a scroll labelled IFAP SIGUPYINN for 37 gold pieces
 13898 | D:10     | Identified the ring "Ixiu" {rElec rPois rC+ rCorr Int+4}
                  | (You bought it in a shop on level 10 of the Dungeon)
 13960 | D:10     | Reached skill level 5 in Dodging
 14089 | D:8      | Killed a two-headed ogre
 14142 | Temple   | Entered the Ecumenical Temple
 14271 | Temple   | Became a worshipper of Vehumet
 14899 | D:10     | Found a transporter.
 14903 | D:10     | Found a transporter.
 14903 | D:10     | Noticed crossborder's ghost (novice DrTm)
 14904 | D:10     | Noticed a fire dragon
 15013 | D:10     | Noticed a gargoyle
 15014 | D:10     | Killed a gargoyle
 15015 | D:10     | Reached XP level 11. HP: 57/57 MP: 25/31
 15563 | D:10     | Reached * piety under Vehumet
 15563 | D:10     | Offered knowledge of Shock by Vehumet.
 15659 | D:10     | Learned a level 1 spell: Shock
 15662 | D:10     | Found a staircase to the Lair.
 15925 | D:10     | Reached skill level 15 in Spellcasting
 16380 | D:11     | Noticed Erolcha
 16389 | D:11     | Killed Erolcha
 16592 | D:11     | Noticed Nergalle
 16908 | D:11     | Noticed brucemayne's ghost (novice HOMo)
 16908 | D:11     | Noticed a lich
 16908 | D:11     | Noticed a tengu warrior
 16908 | D:11     | Noticed a skeletal warrior
 16909 | D:11     | Noticed a skeletal warrior
 16909 | D:11     | Noticed a frost giant
 16909 | D:11     | Noticed a deep elf high priest
 16910 | D:11     | Identified the +7 hand axe of Integrity {pain, *Drain rElec
                  | rPois}
 16912 | D:11     | Noticed a necromancer
 16964 | D:11     | Found a runed translucent door.
 16968 | D:11     | Found a runed translucent door.
 17098 | D:11     | Reached skill level 1 in Air Magic
 17488 | D:11     | Reached skill level 16 in Spellcasting
 17702 | D:11     | Noticed a cyan ugly thing
 17708 | D:11     | Killed a cyan ugly thing
 17708 | D:11     | Reached ** piety under Vehumet
 17793 | D:11     | Found a glowing silver altar of Zin.
 17804 | D:11     | Noticed a brown ugly thing
 17820 | D:11     | Killed a brown ugly thing
 17820 | D:11     | Offered knowledge of Sandblast by Vehumet.
 18004 | D:11     | Killed Nergalle
 18044 | D:11     | Reached skill level 1 in Fire Magic
 18396 | D:11     | Killed an unseen horror
 18548 | D:11     | Noticed a boulder beetle
 18559 | D:11     | Killed an unseen horror
 18560 | D:11     | Reached XP level 12. HP: 37/62 MP: 19/34
 18568 | D:11     | Killed a boulder beetle
 19144 | D:12     | Found a staircase to the Orcish Mines.
 19144 | D:12     | Noticed a two-headed ogre
 19147 | D:12     | Killed a two-headed ogre
 19150 | D:12     | Reached skill level 17 in Spellcasting
 19150 | D:12     | Offered knowledge of Frozen Ramparts by Vehumet.
 19150 | D:12     | Noticed Sonja
 19453 | D:12     | Found a transporter.
 19457 | D:12     | Noticed Xeikkuus's ghost (journeyman MiFi)
 19550 | D:12     | Found a transporter.
 19630 | D:12     | Killed Sonja
 19674 | D:12     | Reached *** piety under Vehumet
 19679 | D:12     | Learned a level 3 spell: Frozen Ramparts
 20178 | D:12     | Noticed Maurice
 20180 | D:12     | Killed Maurice
 20321 | D:12     | Noticed a fire dragon
 20332 | D:12     | Killed from afar by a fire dragon

Illustrated notes

Levels and vault maps discovered:
D:1:      co_arrival_random_square_maze, layout_basic, glass_columns_a
D:2:      layout_loops_corners, uniq_robin, uniq_terence
D:3:      layout_rooms, minmay_rat_hole
D:4:      layout_loops_corners, chei_slow_surprise
D:5:      layout_basic, serial_shops,
          nicolae_shop_temple_entry_statues_fountains, sigmund_army
D:6:      layout_loops_cross, chequers_temple_overflow_minitemple, serial_shops,
          shop
D:7:      layout_cave_pods, nemelex_xobeh_ov_fountains_minmay, temple_hall
D:8:      layout_loops_cross
D:9:      layout_cave_pods
D:10:     layout_loops_ring, erik_lair_orcish_takeover, serial_shops,
          nicolae_shop_overgrown_old_shop, gammafunk_ghost_arena,
          onia_ninara_cookie
D:11:     minmay_polygon_palace, layout_rooms, muffindrake_ghost_dual_entry,
          special_room [special_room_bee], kennysheep_flooded_box, uniq_erolcha,
          uniq_nergalle
D:12:     dragon1_lemuel, layout_loops_ring, david_orc_3,
          gammafunk_ghost_stat_death, uniq_sonja, uniq_maurice
Temple:   minmay_temple_bridge_d

Skill      XL: |  1  2  3  4  5  6  7  8  9 10 11 12 |
---------------+-------------------------------------+-----
Conjurations   | 5 6 7 8 9 10 12 13 14 | 14.0
Spellcasting   | 4 5 6 8 10 12 14 16 17 | 17.5
Stealth        | 3 4 |  4.4
Dodging        | 3 4 5 |  5.9
Translocations | 1 2 3 |  3.6
Fighting       | 1 2 |  2.2
Hexes          | 1 |  1.4
Air Magic      | 2 3 |  3.0
Fire Magic     | 1 2 |  2.3
Evocations     | |  0.9

Action                   |  1- 3 |  4- 6 |  7- 9 | 10-12 || total
-------------------------+-------+-------+-------+-------++-------
Melee: Unarmed           |       |     3 |       |       ||     3
       Staff             |       |       |    20 |     2 ||    22
 Cast: Magic Dart        |    89 |   234 |   395 |   188 ||   906
       Fulminant Prism   |       |       |     5 |    10 ||    15
       Iskenderun's Myst |       |       |    17 |    68 ||    85
       Fireball          |       |       |       |    36 ||    36
       Shock             |       |       |       |   295 ||   295
Evoke: Wand              |       |     1 |     1 |    11 ||    13
  Use: Scroll            |       |     2 |     1 |     8 ||    11
       Potion            |       |       |     3 |     2 ||     5
Armor: Robe              |       |    25 |    45 |    84 ||   154
       Skin              |       |       |     6 |     7 ||    13
Dodge: Dodged            |     7 |    60 |   130 |   167 ||   364
